 Dungeon Sprint DCSS version 0.21.1-1-g345015f (webtiles) character file.

255 twistedcrescendo the Fighter (level 6, -6/48 HPs)
             Began as a Gargoyle Berserker on July 2, 2018.
             Was a Believer of Trog.
             Mangled by a slime creature (18 damage)
             ... in the Dungeon (Sprint I: "Red Sonja").
             The game lasted 00:03:08 (318 turns).

twistedcrescendo the Fighter (Gargoyle Berserker)    Turns: 318, Time: 00:03:09

Health: -6/48      AC:  7    Str: 21    XL:     6   Next: 15%
Magic:  6/6        EV: 12    Int:  7    God:    Trog [**....]
Gold:   162        SH:  0    Dex: 11    Spells: 5/5 levels left

rFire    . . .     SeeInvis .   a - +0 mace
rCold    . . .     Gourm    .   (no shield)
rNeg     + . .     Faith    .   l - +0 leather armour
rPois    ∞         Spirit   .   (no helmet)
rElec    +         Reflect  .   (no cloak)
rCorr    .         Harm     .   (no gloves)
MR       ++...     NoTele   +   (no boots)
Stlth    +.........             (no amulet)
HPRegen  1.16/turn              (no ring)
MPRegen  0.10/turn              (no ring)

@: regenerating
A: negative energy resistance 1, electricity resistance, unbreathing,
petrification resistance, rot immunity, AC +4
a: Berserk, Trog's Hand, Burn Spellbooks, Renounce Religion


You were in the Dungeon.
You worshipped Trog.
Trog was pleased with you.
You were very hungry.

You visited 1 branch You collected 162 gold pieces.

Inventory:

Hand Weapons
 a - a +0 mace (weapon)
Armour
 b - a +0 animal skin
 l - a +0 leather armour (worn)
Wands
 j - a wand of flame (13)
Scrolls
 i - a scroll of blinking
Potions
 d - a potion of curing
 e - a potion of heal wounds
 f - a potion of haste
 g - 2 potions of magic
 h - a potion of berserk rage
Comestibles
 c - a ration


   Skills:
 + Level 9.8 Fighting
 + Level 9.0 Maces & Flails
 - Level 2.9 Armour
 - Level 2.2 Dodging


You had 5 spell levels left.
You didn't know any spells.

Dungeon Overview and Level Annotations

Branches:
Dungeon (1/1)

Altars:
Makhleb
Xom
Jiyva
Lugonu


Innate Abilities, Weirdness & Mutations

You are resistant to torment.
Your stone body is resilient. (AC +4)
You are immune to poison.
You resist negative energy. (rN+)
You are resistant to electric shocks. (rElec)
You can survive without breathing.
You are immune to petrification.
You are immune to rotting.


Message History

The slime creature hits you!
You sock the slime creature!
The slime creature is heavily wounded.
The slime creature completely misses you.
You barely miss the slime creature.
The slime creature is heavily wounded.
The slime creature hits you!
* * * LOW HITPOINT WARNING * * *
The slime creature closely misses you.
There is an open door here.
Things that are here:
a scythe; a glowing robe
There is an open door here.
You see here a giant club.
There is an open door here.
Your skin crawls.
You feel resistant to hostile enchantments.
You are feeling very hungry.
The slime creature hits you!!
You die...

################ ##
#<.#..@J.#..'..#__#
#..)..#..').#..'^.+
#..#####'#####+#__#
#..# #..# ## #..#
#### #..# #⌠⌠# ####


You could see a slime creature.

Vanquished Creatures
  Sigmund (D)
  An ogre (D)
  Ijyb (D)
3 creatures vanquished.

Notes
Turn   | Place    | Note
-------+----------+-------------------------------------------
     0 | D        | twistedcrescendo the Gargoyle Berserker began the quest for the Orb.
     0 | D        | Reached XP level 1. HP: 14/14 MP: 1/1
     1 | D        | Noticed Ijyb
     7 | D        | Killed Ijyb
     7 | D        | Reached skill level 5 in Fighting
     7 | D        | Reached XP level 2. HP: 21/21 MP: 2/2
     7 | D        | Reached XP level 3. HP: 26/26 MP: 3/3
    49 | D        | Noticed an ogre
    54 | D        | Killed an ogre
    54 | D        | Reached XP level 4. HP: 17/34 MP: 4/4
   252 | D        | Noticed Sigmund
   261 | D        | Killed Sigmund
   261 | D        | Reached ** piety under Trog
   261 | D        | Reached XP level 5. HP: 42/42 MP: 5/5
   261 | D        | Reached XP level 6. HP: 48/48 MP: 6/6
   301 | D        | Found a burning altar of Makhleb.
   301 | D        | Found a viscous altar of Jiyva.
   301 | D        | Found a shimmering altar of Xom.
   301 | D        | Found a corrupted altar of Lugonu.
   301 | D        | Noticed a slime creature
   318 | D        | Mangled by a slime creature

Skill      XL: |  1  2  3  4 |
---------------+-------------+-----
Fighting       | 5 7 9 |  9.8
Maces & Flails | 4 6 9 |  9.0
Dodging        | 2 |  2.2
Armour         | |  2.9

Action                   |  1- 3 |  4- 6 || total
-------------------------+-------+-------++-------
Melee: Mace              |     9 |    11 ||    20
Invok: Berserk           |     2 |     1 ||     3
       Trog's Hand       |       |     1 ||     1
Armor: Leather armour    |       |     2 ||     2
Dodge: Dodged            |     3 |     3 ||     6
